[Event "Late-Titled-Tuesday-Blitz-August-29-2023"]
[Site "Chess.com"]
[Date "2023.08.29"]
[Round "8"]
[White "YEIKO2017"]
[Black "rochaaaaaaaaaa"]
[Result "1-0"]
[WhiteElo "2465"]
[BlackElo "2243"]
[TimeControl "180+1"]
[EndTime "15:25:26 PDT"]
[Termination "YEIKO2017 won by resignation"]

1. e4 c6 2. Nc3 d5 3. Nf3 dxe4 4. Nxe4 Nf6 5. Qe2 Na6 6. d4 Nxe4 7. Qxe4 Qd5 8.
Qxd5 cxd5 9. Bb5+ Bd7 10. Bxd7+ Kxd7 11. c3 f6 12. h4 h5 13. Bf4 e6 14. O-O-O Bd6 15. g3 Nc7 16. Rde1 Rac8 17. Kd2 Nb5 18. Kd3 Rhg8 19. a4 Nc7 20. Re2 Rce8 21. Rhe1 Re7 22. b3 Ne8 23. c4 dxc4+ 24. bxc4 Bxf4 25. gxf4 Nd6 26. d5 Rge8 27. c5 Nf5 28. d6 Rf7 29. Rb2 Kc6 30. Reb1 Kxc5 31. Rxb7 Nxd6 32. Rxf7 Nxf7 33.
Rb7 Nd6 34. Rxg7 Rb8 35. Nd4 Kd5 36. Rxa7 Rb4 37. Ra5+ 1-0

[Event "Late-Titled-Tuesday-Blitz-August-29-2023"]
[Site "Chess.com"]
[Date "2023.08.29"]
[Round "8"]
[White "rikchessmx"]
[Black "ameetghasi100"]
[Result "0-1"]
[WhiteElo "2438"]
[BlackElo "2645"]
[TimeControl "180+1"]
[EndTime "15:25:31 PDT"]
[Termination "ameetghasi100 won by resignation"]

1. e4 g6 2. d4 Bg7 3. Nc3 d6 4. f3 Nc6 5. Be3 e5 6. Nge2 Nf6 7. Qd2 h5 8. O-O-O a6 9. Kb1 b5 10. d5 Na5 11. Nc1 Nd7 12. Nb3 Nb7 13. Bg5 Bf6 14. Bxf6 Qxf6 15. a4 b4 16. Na2 a5 17.
Bb5 O-O 18. Nac1 Nb6 19. Bc6 Ra7 20. Qe3 Nd8 21. g3 Nxc6 22. dxc6 Ra6 23. f4 Nxa4 24. h3 exf4 25. Qd4 Qxd4 26. Nxd4 fxg3 27. Nce2 g2 28.
Rh2 Re8 29. Rxg2 Rxe4 30. Ng3 Re5 31. h4 Bg4 32. Rdg1 Ra8 33. Ka2 Nc5 34. Nb5 Ne6 35.
Kb3 Rxb5 0-1

[Event "Late-Titled-Tuesday-Blitz-August-29-2023"]
[Site "Chess.com"]
[Date "2023.08.29"]
[Round "8"]
[White "b_6"]
[Black "Rutricks"]
[Result "0-1"]
[WhiteElo "2477"]
[BlackElo "2628"]
[TimeControl "180+1"]
[EndTime "15:25:35 PDT"]
[Termination "Rutricks won by resignation"]

1. Nf3 g6 2. g3 Bg7 3. d4 Nf6 4. Bg2 d6 5. O-O O-O 6. Nc3 Nbd7 7. e4 e5 8. Re1 Re8 9. h3 c6 10. a4 Qc7 11. a5 exd4 12. Nxd4 Ne5 13. b3 Ned7 14. Bb2 Nc5 15. Qd2 Bd7 16. b4 Ne6 17. Nxe6 Bxe6 18. Rad1 Rad8 19. Ba1 b6 20. axb6 Qxb6 21.
Ne2 d5 22. exd5 cxd5 23. Nd4 Ne4 24. Bxe4 dxe4 25. Rxe4 Bxh3 26. Rxe8+ Rxe8 27. Qf4 Qxb4 28. c3 Qb7 29. Qf3 Qc8 30. Bb2 Bg4 31. Qd3 Bxd1 32. Qxd1 Qc4 33. Qa1 h5 34. Qxa7 h4 35. Qd7 Re1+ 36.
Kh2 hxg3+ 37. Kxg3 Be5+ 38. f4 Qd3+ 39. Nf3 Qxd7 0-1

[Event "Late-Titled-Tuesday-Blitz-August-29-2023"]
[Site "Chess.com"]
[Date "2023.08.29"]
[Round "8"]
[White "ShrookWafa"]
[Black "NMJeevanK"]
[Result "0-1"]
[WhiteElo "2416"]
[BlackElo "2519"]
[TimeControl "180+1"]
[EndTime "15:25:35 PDT"]
[Termination "NMJeevanK won by resignation"]

1. e4 e5 2. Nf3 Nc6 3. Bb5 a6 4.
Ba4 Nf6 5. d4 b5 6. dxe5 Nxe4 7.
Bb3 Nc5 8. Bd5 Be7 9. O-O Bb7 10. Nc3 O-O 11. Bf4 Ne6 12. Bg3 Rb8 13. Qd2 Na5 14. Rad1 Bc8 15. b3 c6 16. Be4 Nb7 17. Nd4 Nbc5 18. Bf3 Nxd4 19. Qxd4 Ne6 20. Qa7 Bb7 21. Qe3 Qc7 22. Ne4 Rbd8 23. Nd6 Bxd6 24. exd6 Qa5 25. a4 Qb4 26. axb5 axb5 27. Ra1 Ra8 28. h4 Qd4 29.
Qe2 Rxa1 30. Rxa1 Qxa1+ 31. Kh2 Qd4 0-1

[Event "Late-Titled-Tuesday-Blitz-August-29-2023"]
[Site "Chess.com"]
[Date "2023.08.29"]
[Round "8"]
[White "azikom"]
[Black "simplerXiao"]
[Result "0-1"]
[WhiteElo "2677"]
[BlackElo "2544"]
[TimeControl "180+1"]
[EndTime "15:25:36 PDT"]
[Termination "simplerXiao won by checkmate"]

1. Nf3 d5 2. c4 d4 3. b4 f6 4. e3 e5 5. exd4 exd4 6. c5 a5 7. Bc4 Qe7+ 8. Kf1 axb4 9. Qb3 Nh6 10. Nxd4 Qxc5 11. Bb2 Nc6 12. Ne6 Bxe6 13. Bxe6 Nd4 14. Qe3 Nxe6 15. Qxe6+ Be7 16. h4 Qd6 17. Qc4 O-O-O 18. Rh3 Qd5 19. Qe2 Bc5 20. a3 Rhe8 21.
Qd1 Qc4+ 22. d3 Qf4 23. Qf3 Rxd3 24. Qxf4 Rd1# 0-1

[Event "Late-Titled-Tuesday-Blitz-August-29-2023"]
[Site "Chess.com"]
[Date "2023.08.29"]
[Round "8"]
[White "jinxy2009"]
[Black "WindWhistler11"]
[Result "0-1"]
[WhiteElo "2348"]
[BlackElo "2488"]
[TimeControl "180+1"]
[EndTime "15:25:54 PDT"]
[Termination "WindWhistler11 won by checkmate"]

1. e4 e6 2. d4 d5 3. e5 c5 4.
c3 Nc6 5. Nf3 Bd7 6. Be2 Nge7 7.
O-O cxd4 8. cxd4 Nf5 9. Be3 Be7 10. Nc3 O-O 11. Qd2 f6 12. Rac1 fxe5 13. Nxe5 Be8 14. Nxc6 bxc6 15. Bf4 Bf6 16. Be5 Bxe5 17. dxe5 c5 18.
Bb5 Bg6 19. Bd3 Rb8 20. b3 Nh4 21. Bxg6 hxg6 22. Ne2 Rb4 23. Rxc5 Rg4 24. Ng3 d4 25. Rc6 Qd5 26. Ra6 Qxg2# 0-1

[Event "Late-Titled-Tuesday-Blitz-August-29-2023"]
[Site "Chess.com"]
[Date "2023.08.29"]
[Round "8"]
[White "Petukhov_Dmitry"]
[Black "psychokiller48"]
[Result "0-1"]
[WhiteElo "2520"]
[BlackElo "2682"]
[TimeControl "180+1"]
[EndTime "15:25:58 PDT"]
[Termination "psychokiller48 won by checkmate"]

1. e4 e5 2. Nf3 Nc6 3. Bb5 a6 4.
Ba4 Nf6 5. O-O Be7 6. Re1 b5 7. Bb3 O-O 8. h3 Bb7 9. c3 d5 10. exd5 Nxd5 11. d4 exd4 12. Nxd4 Nxd4 13. cxd4 c5 14.
dxc5 Bxc5 15. Qf3 Qb6 16. Bxd5 Bxd5 17. Qxd5 Bxf2+ 18. Kf1 Bxe1 19. Qf3 Rfe8 20. Nc3 Bxc3 21. bxc3 Rad8 22. Bg5 Rd6 23. Bh4 h6 24. Bf2 Qc6 25. Qg3 Rg6 26. Qh2 Qxc3 27. Rd1 Rf6 28. g4 Qc2 29.
Rd4 Re2 30. Rf4 Qd1+ 31. Kg2 Qd5+ 32. Kf1 Rxa2 33. Rxf6 gxf6 34. Qf4 Qh1+ 35. Bg1 Qg2+ 36. Ke1 Qe2# 0-1

[Event "Late-Titled-Tuesday-Blitz-August-29-2023"]
[Site "Chess.com"]
[Date "2023.08.29"]
[Round "8"]
[White "adiosabu"]
[Black "Jahonas"]
[Result "1-0"]
[WhiteElo "2633"]
[BlackElo "2461"]
[TimeControl "180+1"]
[EndTime "15:26:01 PDT"]
[Termination "adiosabu won by resignation"]

1. d4 Nf6 2. Nf3 e6 3. Bf4 d5 4.
e3 Bd6 5. Nbd2 Nc6 6. c3 Ne7 7.
Ne5 Ng6 8. Bg3 Bxe5 9. dxe5 Nd7 10. f4 h5 11. Bd3 h4 12. Bf2 Nc5 13. Bc2 Ne7 14. Qg4 Nf5 15. b4 Ne4 16. Nxe4 dxe4 17. Bxe4 g6 18. Rd1 Qe7 19. O-O Kf8 20. Bc2 Kg7 21.
e4 Nh6 22. Qxh4 Re8 23. Qh3 g5 24. Bc5 g4 25. Qg3 1-0

[Event "Late-Titled-Tuesday-Blitz-August-29-2023"]
[Site "Chess.com"]
[Date "2023.08.29"]
[Round "8"]
[White "grzechu96"]
[Black "colegiodemadrid"]
[Result "0-1"]
[WhiteElo "2658"]
[BlackElo "2457"]
[TimeControl "180+1"]
[EndTime "15:26:04 PDT"]
[Termination "colegiodemadrid won by resignation"]

1. e4 e5 2. f4 d5 3. exd5 exf4 4. Nf3 Nf6 5. d4 Nxd5 6. c4 Bb4+ 7. Bd2 Ne3 8. Qb3 Bxd2+ 9. Nbxd2 O-O 10. Bd3 Nxg2+ 11. Kd1 Ne3+ 12. Kc1 a5 13. a4 Nc6 14. Rg1 Nb4 15. Be4 f5 16. Bd3 c5 17. d5 Qf6 18. Ra3 Ra6 19. Kb1 Rb6 20. Qc3 Nxd3 21.
Qxf6 Rfxf6 22. Rxd3 Bd7 23. Ne5 Bxa4 24. Ka2 Be8 25.
Nf1 Nc2 26. Rf3 Nd4 27. Rf2 Rb4 28. Nd2 Rfb6 29. Nd3 Ra4+ 30. Kb1 Ra3 31. Nxc5 Re3 32. Rxf4 Ne2 33. Re1 Nc3+ 34. Kc2 Rxe1 35. Kxc3 Re3+ 36. Kd4 Re2 37. Nf3 Rbxb2 38. Ne6 Bf7 39. Nfg5 Bxe6 40.
Nxe6 Rbd2+ 41. Kc5 g6 42. Nd4 Re8 43. d6 Rc8+ 44. Kb6 Rxc4 45. d7 Rcxd4 46. d8=Q+ Rxd8 47. Rc4 R8d6+ 48. Kc7 Rd7+ 49. Kb8 R2d6 50. Rc8+ Rd8 51.
Kc7 Rd7+ 52. Kb6 Rxc8 0-1

[Event "Late-Titled-Tuesday-Blitz-August-29-2023"]
[Site "Chess.com"]
[Date "2023.08.29"]
[Round "8"]
[White "FairChess_on_YouTube"]
[Black "AryanTari"]
[Result "1-0"]
[WhiteElo "3067"]
[BlackElo "2928"]
[TimeControl "180+1"]
[EndTime "15:26:12 PDT"]
[Termination "FairChess_on_YouTube won by resignation"]

1. d4 Nf6 2. c4 g6 3. Nc3 d5 4. cxd5 Nxd5 5. e4 Nxc3 6. bxc3 Bg7 7. Be3 c5 8. Qd2 O-O 9. Nf3 Qa5 10. Rc1 Rd8 11. d5 e6 12. Bg5 f6 13. Bf4 Nc6 14. Bc4 b5 15. Bb3 c4 16. Bc2 f5 17. O-O Bxc3 18.
Qe3 Ne7 19. d6 Nc6 20. exf5 exf5 21. Bg5 Rf8 22. Rfd1 Bd7 23. Be7 f4 24. Qc5 b4 25.
Qxc4+ Kg7 26. Bxf8+ Rxf8 27. Be4 Ne5 28. Qc7 Nxf3+ 29.
Bxf3 Qf5 30. h3 Rf7 31. Bd5 f3 32. Bxf7 Qg5 33. g3 Qf5 34. Be8 1-0

[Event "Late-Titled-Tuesday-Blitz-August-29-2023"]
[Site "Chess.com"]
[Date "2023.08.29"]
[Round "8"]
[White "Apocalyps999"]
[Black "ChEsper99"]
[Result "1-0"]
[WhiteElo "2329"]
[BlackElo "2152"]
[TimeControl "180+1"]
[EndTime "15:26:16 PDT"]
[Termination "Apocalyps999 won on time"]

1. e4 c5 2. c3 Nf6 3. e5 Nd5 4. Nf3 d6 5. d4 cxd4 6. cxd4 Nc6 7. Bc4 Nb6 8. Bb5 dxe5 9. Nxe5 Bd7 10. Nxd7 Qxd7 11.
Nc3 Rd8 12. a4 e6 13. O-O Qxd4 14. Qxd4 Rxd4 15. a5 Nd7 16. a6 Ndb8 17. axb7 Bc5 18. Be3 O-O 19. Bxd4 Bxd4 20. Bxc6 Nxc6 21. Nb5 Bb6 22.
Rfc1 Na5 23. Nd6 1-0

[Event "Late-Titled-Tuesday-Blitz-August-29-2023"]
[Site "Chess.com"]
[Date "2023.08.29"]
[Round "8"]
[White "superfast64"]
[Black "Cluke86"]
[Result "1-0"]
[WhiteElo "2465"]
[BlackElo "2283"]
[TimeControl "180+1"]
[EndTime "15:26:17 PDT"]
[Termination "superfast64 won on time"]

1. d4 Nf6 2. Bf4 d6 3. e3 Nbd7 4. Nf3 g6 5. Bc4 Bg7 6. Bxf7+ Kxf7 7. Ng5+ Kg8 8. Ne6 Qe8 9. Nxc7 Qd8 10. Nxa8 b5 11. Qf3 e5 12. dxe5 dxe5 13. Bg3 Ba6 14.
Qc6 Qa5+ 15. c3 b4 16. Nc7 bxc3 17. Nxc3 Bd3 18. Qe6+ Kf8 19. Nd5 Nxd5 20. Qxd5 Qxd5 21. Nxd5 e4 22. Nc3 Ke7 23. f3 Nc5 24. Kf2 h5 25. h4 Ke6 26. Rhc1 Rf8 27. Bf4 Bf6 28. g3 exf3 29. Kxf3 Bxc3 30. Rxc3 Be4+ 31. Ke2 Na4 32. Rb3 Rc8 33. Rd1 Nc5 34. Rc3 Rc6 35.
Rdc1 Kd5 36. b4 1-0

[Event "Late-Titled-Tuesday-Blitz-August-29-2023"]
[Site "Chess.com"]
[Date "2023.08.29"]
[Round "8"]
[White "KaydenTroffChess"]
[Black "Mikhail_Golubev"]
[Result "0-1"]
[WhiteElo "2785"]
[BlackElo "2601"]
[TimeControl "180+1"]
[EndTime "15:26:22 PDT"]
[Termination "Mikhail_Golubev won by checkmate"]

1. d4 Nf6 2. Nf3 g6 3. Bg5 Bg7 4. e3 O-O 5. Nbd2 d6 6. Bc4 Nbd7 7. O-O b6 8. a4 a5 9. c3 Bb7 10. Qb3 e5 11. dxe5 dxe5 12. Rad1 h6 13. Bh4 Qe7 14. Qa2 Nc5 15. Nb3 Nce4 16. Bg3 Nxg3 17. hxg3 e4 18. Nfd4 Ng4 19. Ne2 Be5 20. Ned4 Qg5 21. Be2 Nxe3 22. fxe3 Qxg3 23. Rf4 Qxe3+ 24. Rf2 Qg3 25. Kf1 e3 26. Bf3 Qxf2# 0-1

[Event "Late-Titled-Tuesday-Blitz-August-29-2023"]
[Site "Chess.com"]
[Date "2023.08.29"]
[Round "8"]
[White "S-Fazulyanov"]
[Black "Cambek64"]
[Result "0-1"]
[WhiteElo "2591"]
[BlackElo "2510"]
[TimeControl "180+1"]
[EndTime "15:26:24 PDT"]
[Termination "Cambek64 won by resignation"]

1. e4 Nf6 2. Nc3 d5 3. exd5 Nxd5 4. Bc4 Nxc3 5. bxc3 e6 6. d4 Be7 7. Nf3 O-O 8. Ne5 c5 9. O-O cxd4 10. cxd4 Nc6 11. Nxc6 bxc6 12. Bb2 c5 13. dxc5 Qxd1 14. Raxd1 Bxc5 15. Be5 Bb7 16. Rd7 Bc6 17. Rc7 Rac8 18. Rd1 Rxc7 19.
Bxc7 Rc8 20. Be5 Kf8 21. Bb3 Ke7 22. Kf1 f6 23. Bd4 Bxd4 24. Rxd4 e5 25. Rh4 h6 26.
Ke2 Rd8 27. f3 Kd6 28. Rg4 g5 29. h4 h5 30. Rb4 a5 0-1

[Event "Late-Titled-Tuesday-Blitz-August-29-2023"]
[Site "Chess.com"]
[Date "2023.08.29"]
[Round "8"]
[White "Ramosha"]
[Black "XDPS"]
[Result "0-1"]
[WhiteElo "2640"]
[BlackElo "2872"]
[TimeControl "180+1"]
[EndTime "15:26:26 PDT"]
[Termination "XDPS won by resignation"]

1. e4 c5 2. Nf3 d6 3. Bb5+ Nd7 4.
d4 cxd4 5. Qxd4 e5 6. Qd3 h6 7. c4 Nf6 8. Nc3 Be7 9. O-O O-O 10. h3 a6 11. Bxd7 Bxd7 12. Be3 Qa5 13. b3 Rac8 14. Rac1 Be6 15. Rfd1 Rfe8 16. Rc2 Bf8 17. Bd2 Qc7 18. Rdc1 Qb8 19. a4 Nd7 20. Be3 Nc5 21. Bxc5 Rxc5 22. Nd5 a5 23. Qd2 b6 24. b4 axb4 25. Qxb4 Bxd5 26.
cxd5 Qa7 27. Nd2 Ra8 28. Rc4 Qxa4 29. Qxb6 Rxc4 30. Nxc4 Rc8 31. Rb1 Qxc4 32. Rb3 Qxe4 33. Qb7 Rc1+ 34. Kh2 Qf4+ 35. Rg3 Qxf2 36. Rf3 Qg1+ 37.
Kg3 f6 38. Qd7 Qc5 39. Qe6+ Kh8 40. Qf7 Qc8 41. h4 Rc7 42. Qg6 Rc3 43. h5 Rxf3+ 44. gxf3 Kg8 45. f4 Qc3+ 46. Kg4 Qd4 47. Kf5 Qxd5 48.
Qe8 exf4+ 49. Kg4 Qg5+ 50. Kf3 Qe5 51. Qc6 f5 0-1

[Event "Late-Titled-Tuesday-Blitz-August-29-2023"]
[Site "Chess.com"]
[Date "2023.08.29"]
[Round "8"]
[White "Rud_Makarian"]
[Black "LastGladiator1"]
[Result "0-1"]
[WhiteElo "3005"]
[BlackElo "2918"]
[TimeControl "180+1"]
[EndTime "15:26:30 PDT"]
[Termination "LastGladiator1 won by resignation"]

1. d4 d5 2. c4 c6 3. Nf3 Nf6 4. Nc3 e6 5. Bg5 Nbd7 6. e3 Be7 7. Bd3 O-O 8. O-O dxc4 9. Bxc4 b5 10. Bd3 Bb7 11. Rc1 a6 12. Bxf6 gxf6 13. Ne4 f5 14.
Nc5 Nxc5 15. dxc5 Bf6 16. e4 fxe4 17. Bxe4 Qxd1 18. Rcxd1 Rfd8 19. b3 h6 20. g4 Kf8 21.
Kg2 Ke7 22. h4 Bc3 23. Rxd8 Rxd8 24. g5 hxg5 25. hxg5 Rg8 26. Rh1 f5 27. Bc2 Bc8 28. Kg3 e5 29. Rh7+ Kd8 30. Kh4 e4 31. Ng1 Be1 32.
Nh3 e3 33. Kg3 f4+ 34. Nxf4 exf2 0-1

[Event "Late-Titled-Tuesday-Blitz-August-29-2023"]
[Site "Chess.com"]
[Date "2023.08.29"]
[Round "8"]
[White "Zkid"]
[Black "karinachess1"]
[Result "1-0"]
[WhiteElo "2837"]
[BlackElo "2609"]
[TimeControl "180+1"]
[EndTime "15:26:32 PDT"]
[Termination "Zkid won by resignation"]

1. e4 e5 2. Nf3 Nc6 3. Bc4 Nf6 4.
d4 exd4 5. e5 d5 6. Bb5 Ne4 7.
Nxd4 Bd7 8. Bxc6 bxc6 9. O-O Bc5 10. Be3 Bb6 11. f3 Nc5 12. Nd2 O-O 13. f4 f6 14.
N2f3 Ne4 15. b4 Qe7 16. a3 c5 17. bxc5 Bxc5 18. exf6 Qxf6 19. Ne5 Be8 20. Qg4 Rd8 21. Rae1 Bf7 22. Ndc6 Bxe3+ 23. Rxe3 Rd6 24. Nd7 Rxd7 25. Qxd7 Be6 26. Qxc7 Kh8 27. Qe5 Qf7 28. f5 Bd7 29. Qc7 Rc8 30. Ne5 Rxc7 31. Nxf7+ Kg8 32. Ne5 Bb5 33.
Rd1 Rxc2 34. g4 h5 35. Rxd5 Rc1+ 36. Kg2 Rc2+ 37. Kf3 Ng5+ 38. Kf4 Nh3+ 39. Rxh3 1-0

[Event "Late-Titled-Tuesday-Blitz-August-29-2023"]
[Site "Chess.com"]
[Date "2023.08.29"]
[Round "8"]
[White "Ducke13"]
[Black "Leo_C"]
[Result "0-1"]
[WhiteElo "2424"]
[BlackElo "2556"]
[TimeControl "180+1"]
[EndTime "15:26:32 PDT"]
[Termination "Leo_C won by checkmate"]

1. d4 Nf6 2. g3 d5 3. Nf3 Bf5 4. c4 e6 5. Nc3 c6 6. Nh4 Bg4 7.
h3 Bh5 8. g4 Bg6 9. g5 Ne4 10.
Nxg6 Nxc3 11. bxc3 hxg6 12. Qb3 b6 13. h4 Bd6 14.
Bg2 Qc7 15. a4 Nd7 16. Ba3 Rc8 17. Bxd6 Qxd6 18. a5 Qf4 19. axb6 axb6 20. e3 Qg4 21. Bh3 Qf3 22. Rg1 Qxh3 23. cxd5 cxd5 24. Ra7 Qh2 25.
Rg3 Qh1+ 26. Ke2 Rxh4 27. Qb5 Rd8 28. Rf3 Qc1 29. Rxf7 Kxf7 30. Rxd7+ Rxd7 31. Qxd7+ Kg8 32. Qxe6+ Kh7 33. Qxd5 Qc2+ 34. Kf3 Rh2 35. Qe5 Rxf2+ 36. Kg3 Rg2+ 37. Kf3 Rf2+ 38. Kg3 Rf5 39. Qe6 Qf2+ 40. Kh3 Rf3+ 41. Kg4 Qg3# 0-1

[Event "Late-Titled-Tuesday-Blitz-August-29-2023"]
[Site "Chess.com"]
[Date "2023.08.29"]
[Round "8"]
[White "SchmakAttack"]
[Black "ahkashefi2800"]
[Result "1-0"]
[WhiteElo "2779"]
[BlackElo "2583"]
[TimeControl "180+1"]
[EndTime "15:26:33 PDT"]
[Termination "SchmakAttack won by resignation"]

1. d4 d5 2. c4 c6 3. Nf3 Nf6 4. Qc2 g6 5. Bf4 Bg7 6. e3 O-O 7. Nc3 Bf5 8. Qb3 Qb6 9. c5 Qxb3 10. axb3 Nbd7 11. b4 a6 12. h3 Ne4 13. Nxe4 Bxe4 14.
Nd2 e5 15. dxe5 Nxe5 16. Nxe4 dxe4 17. O-O-O Rfd8 18. Be2 Kf8 19. Kc2 Ke8 20. Rd4 Nd3 21.
Rxe4+ Ne5 22. Rxe5+ Bxe5 23. Bxe5 Rd5 24. Bd6 a5 25. Ra1 a4 26. g4 h5 27. Bf3 hxg4 28.
Bxd5 cxd5 29. hxg4 Kd7 30. b5 Ra5 31. b6 Kc6 32.
Kc3 f5 33. gxf5 gxf5 34. Rg1 a3 35. Kb4 Ra8 36. bxa3 f4 37. Rg7 d4 38. e4 Rc8 39.
Rc7+ Rxc7 40. bxc7 Kd7 41. e5 d3 42. e6+ Kc8 43. e7 Kd7 44. c8=Q+ 1-0

[Event "Late-Titled-Tuesday-Blitz-August-29-2023"]
[Site "Chess.com"]
[Date "2023.08.29"]
[Round "8"]
[White "Meri-Arabidze"]
[Black "Alexander_Moskalenko"]
[Result "0-1"]
[WhiteElo "2614"]
[BlackElo "2827"]
[TimeControl "180+1"]
[EndTime "15:26:35 PDT"]
[Termination "Alexander_Moskalenko won by checkmate"]

1. Nf3 g6 2. g3 Bg7 3. Bg2 e5 4. e4 Nc6 5. O-O Nf6 6. d3 O-O 7. Nbd2 d5 8. exd5 Nxd5 9. Nc4 Re8 10. Re1 f6 11. c3 Be6 12. Qc2 Qd7 13. Bd2 Rad8 14. Rad1 Bf5 15. Bc1 b5 16. Ne3 Nxe3 17.
Bxe3 a6 18. Qb3+ Be6 19. Qc2 Bd5 20. b3 Qg4 21. h3 Qf5 22. Nh4 Qd7 23. Nf3 Ne7 24. Bc5 Qc6 25. Bxe7 Rxe7 26. Nd4 exd4 27. Bxd5+ Rxd5 28. Rxe7 dxc3 29. d4 Bf8 30. Re3 b4 31. Rde1 Rd8 32. Re6 Qf3 33. R1e3 Qd5 34. Rxf6 Qxd4 35.
Rxg6+ hxg6 36. Qxg6+ Qg7 37. Qxa6 Qf7 38. Re4 c2 39. Rg4+ Bg7 40. Rc4 Rd1+ 41. Kg2 Qd5+ 42. f3 Qd2# 0-1

[Event "Late-Titled-Tuesday-Blitz-August-29-2023"]
[Site "Chess.com"]
[Date "2023.08.29"]
[Round "8"]
[White "miraitrunks"]
[Black "wild3000"]
[Result "0-1"]
[WhiteElo "2024"]
[BlackElo "2307"]
[TimeControl "180+1"]
[EndTime "15:26:38 PDT"]
[Termination "wild3000 won on time"]

1. e4 a6 2. d4 e6 3. Nc3 b5 4. Bd3 Bb7 5. Nce2 c5 6. c3 Nf6 7. Ng3 h5 8. h4 d5 9. e5 Ne4 10.
Qf3 cxd4 11. cxd4 Bb4+ 12. Kf1 Nc6 13. Be3 Nxd4 14. Qf4 Nf5 15. Nxf5 exf5 16. Qxf5 Qd7 17. Qxd7+ Kxd7 18. Rd1 Ke6 19. Nf3 Rhd8 20. Ke2 f6 21.
exf6 gxf6 22. Nd4+ Kf7 23. Rh3 Rg8 24. Bxe4 dxe4 25. Nf5 Rxg2 26. Ng3 Bc8 27. Rhh1 Bg4+ 28.
Kf1 Rxg3 29. fxg3 Bxd1 0-1

[Event "Late-Titled-Tuesday-Blitz-August-29-2023"]
[Site "Chess.com"]
[Date "2023.08.29"]
[Round "8"]
[White "Ajedrecista3000"]
[Black "Jospem"]
[Result "0-1"]
[WhiteElo "2699"]
[BlackElo "3035"]
[TimeControl "180+1"]
[EndTime "15:26:41 PDT"]
[Termination "Jospem won by checkmate"]

1. c4 a6 2. d4 g6 3. Nc3 Bg7 4. e4 d6 5. Be3 Nd7 6. Be2 e5 7. d5 Ne7 8. g4 a5 9. h4 Nc5 10. h5 h6 11. Qd2 f5 12. hxg6 f4 13. Bxc5 dxc5 14. Nb5 Nxg6 15. d6 cxd6 16. Nxd6+ Kf8 17. O-O-O Be6 18. Nxb7 Qxd2+ 19. Rxd2 Rc8 20. Nxa5 Ke7 21. Kb1 Rc7 22. Nf3 Ra8 23. Nb3 Ra4 24. Rc2 Kf6 25. Nh4 Nh8 26. Nf5 Nf7 27. Rd1 Bf8 28. Nd2 Ng5 29. b3 Ra8 30. f3 Bf7 31. Nf1 Ne6 32. Rcd2 Nd4 33. Nxd4 cxd4 34. Bd3 Bb4 35. Rh2 Kg7 36. Nd2 Rca7 37. a4 Rb8 38. Bc2 Bxd2 39. Rdxd2 Bxc4 40. Kb2 Rxa4 41. Rd1 Rab4 42. Rdh1 Bxb3 43.
Rxh6 Bg8+ 44. Kc1 d3 45. Bxd3 Rc8+ 46. Kd2 Rb2+ 47. Kd1 Bb3+ 48. Ke1 Rc1# 0-1

[Event "Late-Titled-Tuesday-Blitz-August-29-2023"]
[Site "Chess.com"]
[Date "2023.08.29"]
[Round "8"]
[White "Kostukov_Alex"]
[Black "reevecanada"]
[Result "0-1"]
[WhiteElo "2419"]
[BlackElo "2547"]
[TimeControl "180+1"]
[EndTime "15:26:44 PDT"]
[Termination "reevecanada won by resignation"]

1. g3 d5 2. Bg2 Nf6 3. d3 Nbd7 4. e4 e6 5. Qe2 Be7 6. e5 Ng8 7. Nf3 c5 8. c4 d4 9. O-O Rb8 10. h4 Qc7 11. Bf4 b6 12. Nbd2 Bb7 13. Ne4 Nh6 14. Nd6+ Bxd6 15. exd6 Qd8 16. Bg5 Qc8 17. Bxh6 gxh6 18.
Qd2 Qc6 19. Qxh6 Qxd6 20. Ng5 Bxg2 21. Kxg2 Qf8 22. Qh5 Nf6 23. Qf3 Qe7 24. Rae1 h6 25. Ne4 Nxe4 26. Rxe4 Kd7 27. b4 f6 28. Rfe1 e5 29. b5 Qe6 30. Rg4 Rh7 31. Qe4 f5 32. Qc6+ Qxc6+ 33. bxc6+ Kc7 34. Rg6 Re8 35. Rf6 Rhe7 36.
Rxf5 e4 37. Rxe4 Rxe4 38. dxe4 Rxe4 39. Kf3 Re6 40. Rd5 Kxc6 41. g4 b5 42. Rd8 bxc4 43. Rb8 c3 44. Rb1 c2 45. Rc1 d3 0-1

[Event "Late-Titled-Tuesday-Blitz-August-29-2023"]
[Site "Chess.com"]
[Date "2023.08.29"]
[Round "8"]
[White "matagordo"]
[Black "Eloist"]
[Result "1/2-1/2"]
[WhiteElo "2209"]
[BlackElo "2446"]
[TimeControl "180+1"]
[EndTime "15:26:44 PDT"]
[Termination "Game drawn by repetition"]

1. d4 e6 2. Bf4 Nf6 3. e3 d5 4.
Nf3 c5 5. Nbd2 Nc6 6. c3 Bd6 7.
Ne5 Qc7 8. Ndf3 O-O 9. Bd3 Ne4 10. O-O f6 11. Nxc6 Bxf4 12. exf4 bxc6 13. g3 Rb8 14.
Bxe4 dxe4 15. Nd2 cxd4 16. cxd4 Ba6 17. Re1 f5 18. b3 Rfd8 19. Nc4 c5 20. Ne5 Rxd4 21.
Qc1 Rbd8 22. Qa3 Qb6 23. Rac1 Rd2 24. Qxc5 Rxa2 25. Qxb6 axb6 26. Rc6 Rdd2 27. Rxe6 h6 28. Rxb6 Rxf2 29. Rxa6 Rg2+ 30. Kh1 Rxh2+ 31. Kg1 Rhg2+ 32. Kh1 Rh2+ 33. Kg1 Rag2+ 34. Kf1 Rf2+ 35. Kg1 Rhg2+ 36. Kh1 Rh2+ 37. Kg1 Rhg2+ 38. Kh1 Rh2+ 39. Kg1 1/2-1/2

[Event "Late-Titled-Tuesday-Blitz-August-29-2023"]
[Site "Chess.com"]
[Date "2023.08.29"]
[Round "8"]
[White "Chessdemon2019"]
[Black "djano"]
[Result "0-1"]
[WhiteElo "2400"]
[BlackElo "2581"]
[TimeControl "180+1"]
[EndTime "15:26:45 PDT"]
[Termination "djano won by resignation"]

1. e4 c5 2. Nf3 Nc6 3. c3 e5 4. d4 cxd4 5. cxd4 exd4 6. Nxd4 Nf6 7. Nc3 Bb4 8. Nxc6 bxc6 9. Bd3 O-O 10. O-O d5 11.
exd5 Nxd5 12. Nxd5 Qxd5 13. Bc2 Qe5 14. Qd3 g6 15.
Bh6 Bf5 16. Qb3 Bd6 17. g3 Rfb8 18. Qc4 Rb4 19. Qc3 Rxb2 20. Qxe5 Bxe5 21. Bxf5 gxf5 22. Rac1 Rxa2 23. Rxc6 Bg7 24. Be3 a5 25. Rfc1 Ra1 26. Rxa1 Bxa1 27. Bc1 a4 28. Ba3 Bg7 29. Rc4 Bf8 30.
Rc3 Bxa3 31. Rxa3 Kf8 32. Kg2 Ke7 33. Kf3 Kd6 34. Kf4 Ra5 35. Kg5 f4+ 36. Kxf4 Kc5 37. h4 Kb4 38. Ra1 a3 39. g4 Kb3 40. g5 Kb2 41. Re1 a2 42. Re2+ Kb3 43. Rxa2 Kxa2 44. Kg4 Kb3 45. Kh5 Ra4 46. Kh6 Rxh4+ 47. Kg7 Rf4 48.
Kxh7 Rxf2 49. g6 fxg6 50. Kxg6 Kc3 0-1

[Event "Late-Titled-Tuesday-Blitz-August-29-2023"]
[Site "Chess.com"]
[Date "2023.08.29"]
[Round "8"]
[White "zsoltkorpics"]
[Black "newyorkmouse"]
[Result "0-1"]
[WhiteElo "2365"]
[BlackElo "2466"]
[TimeControl "180+1"]
[EndTime "15:26:47 PDT"]
[Termination "newyorkmouse won by checkmate"]

1. e4 c5 2. Nf3 e6 3. d4 Nf6 4. Nc3 cxd4 5. Nxd4 Qc7 6. Ndb5 Qa5 7. Bf4 Na6 8. Bd3 Be7 9. Nd6+ Bxd6 10. Bxd6 Nc5 11.
O-O Nxd3 12. Qxd3 a6 13. Qg3 Rg8 14. e5 Nd5 15. Nxd5 Qxd5 16. Rad1 Qe4 17. Qg5 f6 18. exf6 Qg6 19. f7+ Qxf7 20. Rfe1 Qf6 21. Qh5+ g6 22.
Qc5 b5 23. Qd5 Ra7 24. Bc5 Rc7 25. Ba3 Rxc2 26. Qd6 Qxf2+ 27. Kh1 Qxg2# 0-1

[Event "Late-Titled-Tuesday-Blitz-August-29-2023"]
[Site "Chess.com"]
[Date "2023.08.29"]
[Round "8"]
[White "maurovargas01"]
[Black "TheMagician"]
[Result "0-1"]
[WhiteElo "1886"]
[BlackElo "2147"]
[TimeControl "180+1"]
[EndTime "15:26:47 PDT"]
[Termination "TheMagician won by checkmate"]

1. e4 e5 2. Nf3 Nc6 3. d4 exd4 4. Bc4 Bc5 5. c3 d3 6. Qxd3 d6 7. O-O Nf6 8. Re1 O-O 9. Bg5 h6 10. Bh4 Bg4 11. Nbd2 Re8 12. a4 Be6 13. b4 Bxb4 14.
cxb4 Nxb4 15. Qb3 Na6 16. Nd4 Nc5 17. Qa2 Bxc4 18. Qxc4 Ncd7 19. f4 c6 20. N2f3 d5 21. exd5 Nb6 22. Qb3 Qxd5 23. a5 Qxb3 24. Nxb3 Nbd5 25.
Rxe8+ Nxe8 26. Re1 Nxf4 27. Bg3 Nd5 28. Nc5 b6 29. axb6 axb6 30. Ne4 f5 31. Nd6 Nef6 32. Nxf5 c5 33. Ne7+ Nxe7 34. Rxe7 b5 35. Bd6 c4 36.
Rb7 Ne4 37. Bb4 Ra1+ 38. Ne1 Rb1 39. Ba5 c3 40. Rb8+ Kh7 41. Rc8 Rxe1# 0-1